Unix NetHack Version 3.7.0-88 Work-in-progress - last build Aug 21 2023 04:08:40 (b68ccb3e4f8f5dcb83e1e40b1ff56e7dffd4cd28,branch:master). Game began 2023-08-30 14:43:57, ended 2023-08-30 17:17:23. MargeBouvier, neutral male gnomish Wizard ---- ---- ---- |.^| |`.| --- |..-- ---- |.<| |..---.##- |...-- |..--- --.| ----..^|....#- ----- ---- ---..| |....| |.| |............---##-- --...----..| |.-- --...-- |.| --...`..............| |.....|....---- |.--- ---..| --|.| #..........^........#-- --.`..........-- |...| ----|.-- |.|.| -#....................| |.-...........| --- |...| |..--.| |...--- ##..........#....---.--- --....*........-##.#---#-..# --.....| --- ##....## ##.....--..-##.--- |...| |...|................-#....|*|......| |..-##.....--##.....---#-# #### ---.|-- |"..|-...--................| #-.....| |...--..--....|...^.| ##)# |.|.-----.||...----............|.---#.....| -.....||....|.....-- -#-.###- |.o.%'@...|----................|...||.|...| ----..--..`.[......| |...)..## -#....----- |.-----..--.....----.|-.|-..| --........---.....------...*..-# ------ -----...------|...--- |.|..|---- |..........||......#-.--.......## |..........-- |..-- |...-- |.......`.----.|......`.........##- |.....>..^..| ---- |...| --.--.....| --##...###...........# --.....---..| |.--- -- |.....| #..#-###.#........| --..--- --- --- ---..-- #### ##-#.#---.-- --- ---- ### -- MargeBouvier the Thaumaturge St:13 Dx:10 Co:9 In:19 Wi:12 Ch:12 Neutral Dlvl:6 $:44 HP:0(40) Pw:4(54) AC:9 Exp:6 T:3919 Burdened Latest messages: In what direction? The spell misses the leprechaun. The leprechaun hits! Your purse feels lighter. The leprechaun vanishes! You swap places with the peaceful acid blob. In what direction? The spell hits the acid blob! You kill the acid blob! You hear crashing rock. You see here an acid blob corpse. In what direction? The spell hits the giant ant! In what direction? The spell misses the giant ant. The giant ant bites! The giant ant bites! In what direction? The spell hits the giant ant! You kill the giant ant! You hear crashing rock. You see here a giant ant corpse. There is a giant ant corpse here; eat it? [ynq] (n) This giant ant corpse is tough. You finish eating the giant ant corpse. A board beneath the hill orc squeaks a D note loudly. The leprechaun wakes up. The hill orc shoots an arrow! You are hit by an arrow. The rope golem hits! The rope golem hits again! The rope golem grabs you! The hill orc picks up an arrow. The rope golem hits! The rope golem hits again! You are being choked. You cannot escape from the rope golem! The rope golem hits! The rope golem hits again! You are being choked. The hill orc shoots an arrow! The arrow hits the rope golem! What do you want to write with? [- ac-euvACHKMNPR-TX-Z or ?*] You can't reach the floor. What do you want to write with? [- ac-euvACHKMNPR-TX-Z or ?*] You can't reach the floor. You cannot escape from the rope golem! The rope golem hits! You die... Do you want your possessions identified? [ynq] (y) Inventory: Coins $ - 44 gold pieces Weapons Y - 4 +0 arrows Z - a +0 bow T - 6 blessed +3 darts X - a +0 elven broadsword a - a blessed +1 quarterstaff (weapon in hands) Armor y - an uncursed +0 orcish helm b - an uncursed +0 cloak of magic resistance (being worn) Comestibles f - an uncursed slime mold B - 3 uncursed food rations L - 2 uncursed tins of stir fried floating eye meat t - 3 uncursed lichen corpses Scrolls V - an uncursed scroll of blank paper i - an uncursed scroll of charging J - an uncursed scroll of charging j - an uncursed scroll of confuse monster s - an uncursed scroll of enchant armor p - a blessed scroll of fire z - an uncursed scroll of fire x - an uncursed scroll of identify k - an uncursed scroll of light Q - an uncursed scroll of light E - a cursed scroll of remove curse o - an uncursed scroll of teleportation Spellbooks m - an uncursed spellbook of cause fear l - a blessed spellbook of force bolt G - an uncursed spellbook of magic missile Potions r - an uncursed potion of acid U - an uncursed potion of confusion g - a blessed potion of enlightenment n - an uncursed potion of monster detection F - an uncursed potion of object detection h - an uncursed potion of water Rings d - an uncursed ring of free action R - an uncursed -1 ring of gain constitution P - an uncursed ring of levitation e - an uncursed ring of stealth Wands v - a wand of locking (0:7) c - a wand of slow monster (0:6) Tools D - an expensive camera (0:64) O - an uncursed leash K - a magic marker (0:55) w - an uncursed magic whistle I - an uncursed tin opener Gems/Stones C - an uncursed amethyst stone M - 2 uncursed opals N - an uncursed worthless piece of black glass A - an uncursed worthless piece of red glass u - 2 uncursed worthless pieces of violet glass H - an uncursed worthless piece of yellow glass S - 2 uncursed worthless pieces of yellowish brown glass MargeBouvier the Wizard's attributes: Background: You were a Thaumaturge, a level 6 male gnomish Wizard. You were neutral, on a mission for Thoth who was opposed by Ptah (lawful) and Anhur (chaotic). You were in the Gnomish Mines, on level 6. You entered the dungeon 3919 turns ago. There was a full moon in effect when your adventure ended. You had 381 experience points, 259 more were needed to attain level 7. Basics: You had 0 out of 40 hit points. You had 4 out of 54 energy points (spell power). Your armor class was 9. Your wallet contained 44 zorkmids. Autopickup was off. Final Characteristics: Your strength was 13 (limit:18/50). Your dexterity was 10 (limit:18). Your constitution was 9 (limit:18). Your intelligence was 19 (limit:19). Your wisdom was 12 (limit:18). Your charisma was 12 (limit:18). Final Status: You were held by a rope golem (west). You were not hungry. You were burdened; movement was slightly slowed. You were wielding a quarterstaff. You had basic skill with quarterstaff. Final Attributes: You were fervently aligned. You were magic-protected. You were telepathic. You had infravision. You were warded. You are dead (2nd time!). Miscellaneous: You never encountered a bones level. Total elapsed playing time was 49 minutes and 14 seconds. Major events: Turn 1: MargeBouvier the neutral male gnomish Wizard entered the dungeon 1152: attained the rank of Conjurer (level 3) 1969: entered the Gnomish Mines 2707: averted death (killed by a hobgoblin) 3541: attained the rank of Thaumaturge (level 6) 3919: killed by a rope golem Vanquished creatures: 2 leprechauns a blue jelly 2 imps a wood nymph a water nymph a mountain nymph a rock mole 2 gnome leaders 5 giant ants 4 floating eyes 2 dwarves a homunculus a kobold leader a monkey 2 iguanas 3 acid blobs 4 coyotes 3 gas spores a hobbit a manes a large kobold a hobgoblin 2 giant rats 4 cave spiders a yellow mold a red mold 5 gnomes 2 geckos 6 jackals a fox 2 kobolds 4 goblins 2 sewer rats 2 grid bugs a bat 6 lichens a kobold zombie 6 newts 87 creatures vanquished. No species were genocided or became extinct. Voluntary challenges: You read items or engraved 17 times. You engraved Elbereth 10 times. You never genocided any monsters. You never polymorphed an object. You never changed form. You used no wishes. Achievements: You entered a shop. You attained the rank of Conjurer. You entered the Gnomish Mines. You attained the rank of Thaumaturge. The Dungeons of Doom: levels 1 to 3 Level 1: A fountain. Level 2: A general store, a fountain, a sink. Level 3: A fountain. Stairs down to The Gnomish Mines. The Gnomish Mines: levels 4 to 7 Level 4: Level 5: Level 6: <- You were here. Final resting place for you, killed by a rope golem. Level 7: Game over: ---------- / \ / REST \ / IN \ / PEACE \ / \ | MargeBouvier | | 44 Au | | killed by a rope | | golem | | | | | | 2023 | *| * * * | * _________)/\\_//(\/(/\)/\//\/|_)_______ Goodbye MargeBouvier the Wizard... You died in The Gnomish Mines on dungeon level 6 with 1864 points, and 44 pieces of gold, after 3919 moves. You were level 6 with a maximum of 40 hit points when you died.